 Dungeon Crawl Stone Soup version 0.17-a0-1435-geafbe2f (webtiles) character file.

113 panicbit the Shield-Bearer (level 4, -2/41 HPs)
             Began as a Minotaur Fighter on June 25, 2015.
             Killed by divine providence
             ... invoked by an orc priest
              (11 damage)
             ... on level 4 of the Dungeon on June 26, 2015.
             The game lasted 00:11:22 (2653 turns).

panicbit the Shield-Bearer (Minotaur Fighter)       Turns: 2653, Time: 00:11:22

Health: -2/41      AC:  9    Str: 21    XL:     4   Next: 65%
Magic:  3/3        EV:  8    Int:  5    God:
Gold:   178        SH:  9    Dex: 10    Spells: 0 memorised, 3 levels left

rFire  . . .     SeeInvis .     a - +0 war axe
rCold  . . .     Clarity  .     b - +0 scale mail
rNeg   . . .     SustAt   .     c - +0 shield
rPois  .         Gourm    .     (helmet restricted)
rElec  .         Spirit   .     w - +0 cloak
rCorr  .         Warding  .     l - +0 pair of gloves (curse)
rMut   .         Stasis   .     (no boots)
MR     .....                    (no amulet)
Stlth  ..........               (no ring)
                                (no ring)

@: not resistant to hostile enchantments, extremely unstealthy
A: retaliatory headbutt, horns 2
a: no special abilities


You were on level 4 of the Dungeon.
You were hungry.

You visited 1 branch of the dungeon, and saw 4 of its levels.

You collected 178 gold pieces.

Inventory:

Hand weapons
 a - a +0 war axe (weapon)
Armour
 b - a +0 scale mail (worn)
 c - a +0 shield (worn)
 i - a +0 cloak
 l - a cursed +0 pair of gloves (worn)
 w - a +0 cloak (worn)
Magical devices
 g - a wand of flame (20)
Scrolls
 k - 4 scrolls of blinking {unknown}
 n - 2 scrolls of teleportation {unknown}
 o - 3 scrolls of remove curse {unknown}
 p - a scroll of fear {unknown}
 r - 2 scrolls of identify {unknown}
 s - 2 scrolls of enchant weapon {unknown}
 v - a scroll of immolation {unknown}
Potions
 d - a potion of might
 f - a potion of degeneration {unknown}
 h - a potion of cure mutation {unknown}
 q - 3 potions of curing
 t - 2 potions of invisibility {unknown}
 u - 2 potions of heal wounds {unknown}
Comestibles
 e - 8 bread rations
 j - 2 slices of pizza
 m - 4 fruits


   Skills:
 + Level 4.4 Fighting
 + Level 3.2 Axes
 + Level 4.6 Armour
 + Level 0.7 Dodging
 + Level 4.7 Shields


You had 3 spell levels left.
You didn't know any spells.

Dungeon Overview and Level Annotations

Branches:
Dungeon (4/15)
 Temple: D:4-7

Altars:
Kikubaaqudgha
Makhleb
Nemelex Xobeh
Yredelemnul

Annotations:
D:3 Grinder
D:4 Menkaure, Pikel, Sigmund


Innate Abilities, Weirdness & Mutations

You reflexively headbutt those who attack you in melee.
You have a pair of horns on your head.


Message History

You found a shaft!
Sigmund mumbles some strange words.
Sigmund flickers and vanishes!
Deactivating autopickup; reactivate with Ctrl-A.
You feel less confused.
There is a shaft here.
You open the door. The slave hits you!
* * * LOW HITPOINT WARNING * * *
Found 21 stones.
The slave hits you but does no damage. Something hits you but does no damage.
There is an open door here.
You open the door. The slave barely misses you.
There is an open door here.
The slave hits you.
* * * LOW HITPOINT WARNING * * *
You block the slave's attack.
You open the door. Something hits you but does no damage.
The orc priest invokes the aid of Beogh against you.
Something smites you!
You die...

..#.##.##.KK##...#
.##. #.####'# ..
.+. ...#..o# .#
##..#...###+## .#
#..#...K#...# .+
K. +....o...+ .#
#(...#{..#
#...##.p.#
#...##..@#
.....####'#
....... ..# ......
#+## ....


You could see Pikel, a slave, an orc priest and an orc.

Vanquished Creatures
  2 adders
  4 gnolls (D:2)
  An ooze (D:1)
  A worm (D:3)
  An orc (D:3)
  3 giant cockroaches
  10 hobgoblins
  7 kobolds
  A quokka (D:2)
  4 bats
  A giant gecko (D:2)
  3 giant newts
  6 goblins
  6 rats
50 creatures vanquished.

Notes
Turn   | Place    | Note
--------------------------------------------------------------
     0 | D:1      | panicbit the Minotaur Fighter began the quest for the Orb.
     0 | D:1      | Reached XP level 1. HP: 19/19 MP: 0/0
   117 | D:1      | Reached XP level 2. HP: 20/27 MP: 1/1
   186 | D:1      | Reached skill level 4 in Armour
   683 | D:2      | Reached XP level 3. HP: 33/33 MP: 2/2
   763 | D:2      | Upgraded the game from 0.17-a0-1430-g49fde19 to 0.17-a0-1435-geafbe2f
  1161 | D:3      | Found a sparkling altar of Nemelex Xobeh.
  1161 | D:3      | Found an ancient bone altar of Kikubaaqudgha.
  1161 | D:3      | Found a basalt altar of Yredelemnul.
  1323 | D:3      | Found a burning altar of Makhleb.
  1323 | D:3      | Noticed a balrug
  1458 | D:3      | Noticed Grinder
  1458 | D:3      | Paralysed by Grinder for 3 turns
  1473 | D:4      | Noticed Menkaure
  1937 | D:3      | Paralysed by Grinder for 6 turns
  2020 | D:2      | Reached XP level 4. HP: 7/40 MP: 3/3
  2584 | D:4      | Noticed a slave
  2598 | D:4      | Noticed Pikel
  2632 | D:4      | Noticed Sigmund
  2653 | D:4      | Killed from afar by an orc priest

Vault maps used:
D:1:      roderic_octagonal_star
D:2:      first_bread, kennysheep_generic_room_16
D:3:      makhleb_altar_promises_db, gammafunk_temple_overflow_forgotten,
          uniq_grinder, uniq_natasha
D:4:      uniq_crazy_yiuf_cottage, uniq_menkaure, uniq_pikel, uniq_sigmund,
          uniq_edmund, uniq_robin

Action                   |  1- 3 |  4- 6 || total
-------------------------+-------+-------++-------
Melee: War axe           |   101 |    16 ||   117
  Use: Potion            |       |     1 ||     1
  Eat: Chunk             |     4 |     1 ||     5
